 Dungeon Crawl Stone Soup version 0.30-a0-360-g447f08457e (webtiles) character file.

Game seed: 6257461754965819270

22763 SkiLLzEr0 the Severer (level 12, 0/116 HPs)
             Began as a Minotaur Fighter on Nov 13, 2022.
             Was the Champion of Okawaru.
             Slain by an 11-headed hydra (7 damage)
             ... on level 3 of the Lair of Beasts.
             The game lasted 00:53:29 (12297 turns).

SkiLLzEr0 the Severer (Minotaur Fighter)           Turns: 12297, Time: 00:53:29

Health: 0/116      AC: 18    Str: 24    XL:     12   Next: 65%
Magic:  11/11      EV:  7    Int:  4    God:    Okawaru [******]
Gold:   956        SH:  6    Dex: 15    Spells: 11/11 levels left

rFire   + + +      SeeInvis .    a - +0 war axe (elec)
rCold   . . .      Faith    .    c - +0 buckler
rNeg    + + +      Spirit   .    v - +1 plate armour
rPois   .          Reflect  .    J - +0 hat of Inquiry {Drain rF++ rN+++}
rElec   .          Harm     .    (no cloak)
rCorr   .          Rampage  .    (no gloves)
Will    +....                    E - +1 pair of boots
Stlth   ..........               f - amulet of regeneration
HPRegen 1.19/turn                g - ring of flight
MPRegen 0.12/turn                b - ring of protection from fire

@: flying, hasted, very quick
A: horns 2, retaliatory headbutt, agile 1, fire resistance 1, strong-willed 1,
robust 1, MP-powered wands
a: Renounce Religion, Heroism, Finesse, Duel


You were on level 3 of the Lair of Beasts.
You worshipped Okawaru.
Okawaru was exalted by your worship.
You visited 3 branches of the dungeon, and saw 18 of its levels.
You also visited: Sewer.

You collected 956 gold pieces.

Inventory:

Hand Weapons
 a - a +0 war axe of electrocution (weapon)
Missiles
 o - a javelin (quivered)
 q - a curare-tipped dart
 u - 2 boomerangs
 w - 2 poisoned darts
 x - 2 datura-tipped darts
 F - 10 silver javelins
 H - 7 throwing nets
Armour
 c - a +0 buckler (worn)
 v - a +1 plate armour (worn)
 E - a +1 pair of boots (worn)
 J - the +0 hat of Inquiry (worn) {Drain rF++ rN+++}
   (Okawaru gifted it to you on level 2 of the Lair of Beasts)

   rF:        It greatly protects you from fire.
   rN:        It renders you almost immune to negative energy.
   Drain:     It drains your maximum health when unequipped.
Jewellery
 b - a ring of protection from fire (right hand)
 f - an amulet of regeneration (around neck)
 g - a ring of flight (left hand)
 C - a ring of poison resistance
Wands
 s - a wand of polymorph (9)
Scrolls
 e - 8 scrolls of poison
 j - 3 scrolls of blinking
 l - a scroll of fear
 n - a scroll of brand weapon
 p - 2 scrolls of silence
 y - 4 scrolls of teleportation
 I - 2 scrolls of enchant armour
Potions
 d - 5 potions of might
 h - 4 potions of lignification
 i - 10 potions of curing
 k - 8 potions of flight
 m - a potion of invisibility {unknown}
 r - 4 potions of haste
 t - a potion of cancellation {unknown}
 z - 2 potions of attraction {unknown}
 A - a potion of resistance {unknown}
 B - 4 potions of heal wounds
 D - a potion of mutation
 G - a potion of berserk rage {unknown}
 K - a potion of degeneration {unknown}


   Skills:
 + Level 10.1 Fighting
 * Level 16.9 Axes
 + Level 9.5 Throwing
 + Level 11.1 Armour
 + Level 7.6 Shields


You had 11 spell levels left.
You didn't know any spells.
Your spell library contained the following spells:

 Spells                   Type           Power      Damage    Failure   Level
 Apportation              Tloc           0%         N/A       100%        1
 Necrotise                Necr           0%         1d4       100%        1
 Blink                    Tloc           0%         N/A       100%        2
 Momentum Strike          Conj/Tloc      0%         3d8       100%        2
 Sublimation of Blood     Necr           0%         N/A       100%        2
 Hailstorm                Conj/Ice       0%         3d3       100%        3
 Lesser Beckoning         Tloc           0%         N/A       100%        3
 Ozocubu's Armour         Ice            0%         N/A       100%        3
 Vhi's Electric Charge    Tloc/Air       0%         N/A       100%        3
 Ice Form                 Ice/Tmut       0%         N/A       100%        4
 Leda's Liquefaction      Hex/Erth       0%         N/A       100%        4
 Petrify                  Tmut/Erth      0%         N/A       100%        4
 Alistair's Intoxication  Tmut/Pois      0%         N/A       100%        5
 Arcjolt                  Conj/Air       0%         1d10      100%        5
 Freezing Cloud           Conj/Ice/Air   0%         6-21      100%        5
 Irradiate                Conj/Tmut      0%         3d11      100%        5
 Lee's Rapid Deconstruct  Erth           0%         3d4*      100%        5
 Statue Form              Tmut/Erth      0%         N/A       100%        6
 Ozocubu's Refrigeration  Ice            0%         4d7       100%        7
 Maxwell's Capacitive Co  Air            0%         ∞         100%        8
 Polar Vortex             Ice            0%         N/A       100%        9
 Summon Small Mammal      Summ           Unusable   N/A       N/A         1
 Call Canine Familiar     Summ           Unusable   N/A       N/A         3
 Summon Guardian Golem    Hex/Summ       Unusable   N/A       N/A         3
 Simulacrum               Ice/Necr       Unusable   N/A       N/A         6

Dungeon Overview and Level Annotations

Branches:
Dungeon (14/15)            Temple (1/1) D:5            Lair (3/5) D:8
  Swamp (0/4) Lair:2        Snake (0/4) Lair:2          Orc (0/2) D:11
  Sewer (visited)
 Vaults: D:13-14

Altars:
Ashenzari
Cheibriados
Dithmenos
Elyvilon
Fedhas
Gozag
Hepliaklqana
Kikubaaqudgha
Makhleb
Nemelex Xobeh
Okawaru
Qazlal
Ru
Sif Muna
Trog
Uskayaw
Vehumet
Wu Jian
Xom
Yredelemnul
Zin
The Shining One

Shops:
D:1 =   D:4 =


Innate Abilities, Weirdness & Mutations

You have a pair of horns on your head.
You reflexively headbutt those who attack you in melee.
You are agile. (Dex +4, Str/Int -1)
Your flesh is heat resistant. (rF+)
You are strong-willed. (Will+)
You are robust. (+10% HP)
You expend magic power (3 MP) to strengthen your wands.


Message History

Something gores the plant!
You barely miss the eight-headed hydra.
The eight-headed hydra is severely wounded.
You chop one of the eight-headed hydra's heads off!
The seven-headed hydra grows two more!
You hit the nine-headed hydra.
The nine-headed hydra is severely wounded.
You block the nine-headed hydra's attack.
The nine-headed hydra bites you but does no damage. x2
The nine-headed hydra barely misses you.
The nine-headed hydra bites you but does no damage. x2
The nine-headed hydra completely misses you.
The nine-headed hydra bites you but does no damage.
The nine-headed hydra bites you.
* * * LOW HITPOINT WARNING * * *
You barely miss the nine-headed hydra.
The nine-headed hydra is severely wounded.
You hack one of the nine-headed hydra's heads off!
The eight-headed hydra grows two more!
You hit the ten-headed hydra.
The ten-headed hydra is heavily wounded.
The ten-headed hydra bites you but does no damage.
The ten-headed hydra completely misses you.
You block the ten-headed hydra's attack. x2
The ten-headed hydra bites you but does no damage. x3
You block the ten-headed hydra's attack.
The ten-headed hydra bites you but does no damage. x2
You slice one of the ten-headed hydra's heads off!
The nine-headed hydra grows two more!
You slash the 11-headed hydra!
The 11-headed hydra is heavily wounded.
A nearby plant withers and dies.
You barely miss the 11-headed hydra.
The 11-headed hydra is heavily wounded.
The 11-headed hydra closely misses you. You furiously retaliate!
You headbutt the 11-headed hydra. The 11-headed hydra bites you!
* * * LOW HITPOINT WARNING * * *
The 11-headed hydra barely misses you. The 11-headed hydra bites you!
* * * LOW HITPOINT WARNING * * *
The 11-headed hydra bites you.
* * * LOW HITPOINT WARNING * * *
The 11-headed hydra bites you!
You die...

##.#....####...#.P.#.#####..#
##.....# ##..........#.....###
##....### #.P...)...........>.#
#....## #..................##
....## #..#.#######..P#...# #..##
######### #######[.# ..##
###.#P###.##.##### . .P# .....
#.#..........# ## . .## #....#
###..@....##..###.###. .####...#
#...D....##......##... ..##...#
##...Y.........##.#.#..
.###...####..Y..P#......††....#..
.##....##P.....###..#...8.†..†..8
Y......###.Y.#####........†..†...
.Y..Y..###...# #......##.#..#....
.#.†.Y..YY...# ###..#............
.###.........# #.......###.#.#.#+


You could see a 11-headed hydra and 4 yaks.

Vanquished Creatures
  A fire dragon (Lair:1)
  Harold (Lair:2)
  Fannar (Lair:2)
  A hydra (D:14)
  An oklob plant (Lair:1)
  A cyclops (D:14)
  5 ugly things (D:14)
  A black mamba (Lair:2)
  5 elephants (Lair:2)
  4 cane toads
  An unseen horror (shapeshifter) (D:11)
  Psyche (D:10)
  2 komodo dragons
  3 trolls
  3 polar bears
  A hornet (Lair:2)
  5 blink frogs (Lair:3)
  2 centaur simulacra
  A shadow (D:11)
  2 wyverns
  A wraith (D:9)
  22 yaks
  5 humans (D:7)
  A basilisk (Lair:3)
  2 vampire mosquitoes (D:11)
  3 steam dragons
  5 acid dragons
  4 water moccasins
  2 orc warriors
  3 black bears
  An ice beast (D:5)
  An ogre (D:6)
  6 wolves (Lair:1)
  6 centaurs
  14 bullfrogs
  2 kobold brigands
  2 gnoll sergeants (D:8)
  4 necrophages
  3 scorpions
  3 wights (D:10)
  5 killer bees (D:8)
  2 electric eels
  2 jellies (Sewer)
  7 orc priests
  A hound (D:7)
  2 gnoll boudas
  2 iguanas
  Terence (D:3)
  9 orc wizards
  5 adders
  14 gnolls
  2 white imps
  4 worms
  A dart slug (D:3)
  34 orcs
  12 ball pythons
  7 endoplasms
  6 giant cockroaches
  11 goblins
  3 hobgoblins
  3 jackals (D:2)
  15 kobolds
  6 quokkas
  3 bats
  9 frilled lizards
  9 rats
307 creatures vanquished.

Vanquished Creatures (others)
  An orc wizard (D:10)
  13 fungi
  13 plants
27 creatures vanquished.

Grand Total: 334 creatures vanquished

Notes
Turn   | Place    | Note
-------+----------+-------------------------------------------
     0 | D:1      | SkiLLzEr0 the Minotaur Fighter began the quest for the Orb.
     0 | D:1      | Reached XP level 1. HP: 19/19 MP: 0/0
    50 | D:1      | Found Worhal's One-of-a-Kind Rings.
   267 | D:1      | Reached XP level 2. HP: 23/27 MP: 1/1
  1348 | D:3      | Reached skill level 3 in Axes
  1348 | D:3      | Reached XP level 3. HP: 33/33 MP: 2/2
  1416 | D:3      | Found a faded altar of an unknown god.
  1505 | D:3      | Reached XP level 4. HP: 25/40 MP: 3/3
  1508 | D:3      | Reached skill level 4 in Axes
  1679 | D:3      | Found a hazy altar of Hepliaklqana.
  1886 | D:3      | Found a blossoming altar of Fedhas.
  1887 | D:3      | Noticed Terence
  1893 | D:3      | Killed Terence
  1987 | D:3      | Reached XP level 5. HP: 40/47 MP: 4/4
  2502 | D:4      | Reached skill level 5 in Axes
  2729 | D:4      | Found Moreol's Jewellery Shoppe.
  3195 | D:5      | Entered Level 5 of the Dungeon
  3211 | D:5      | Noticed an ice beast
  3217 | D:5      | Killed an ice beast
  3218 | D:5      | Reached skill level 1 in Throwing
  3218 | D:5      | Reached skill level 5 in Armour
  3218 | D:5      | Reached XP level 6. HP: 53/53 MP: 5/5
  3249 | D:5      | Found a staircase to the Ecumenical Temple.
  3301 | D:5      | Reached skill level 6 in Axes
  3409 | D:5      | Found a glowing drain.
  3415 | Sewer    | Entered a sewer
  3590 | Sewer    | Found a viscous altar of Jiyva.
  3753 | Temple   | Entered the Ecumenical Temple
  3811 | Temple   | Became a worshipper of Warmaster Okawaru
  4054 | D:5      | Reached XP level 7. HP: 38/60 MP: 6/6
  4139 | D:5      | Reached skill level 5 in Fighting
  4139 | D:5      | Reached skill level 7 in Axes
  4433 | D:6      | Gained mutation: Your system is resistant to poisons.
                  | (rPois) [potion of mutation]
  4433 | D:6      | Gained mutation: Your spells are a little harder to cast,
                  | but a little more powerful. [potion of mutation]
  4435 | D:6      | Lost mutation: Your system is resistant to poisons. (rPois)
                  | [potion of mutation]
  4435 | D:6      | Lost mutation: Your spells are a little harder to cast, but
                  | a little more powerful. [potion of mutation]
  4435 | D:6      | Gained mutation: You are agile. (Dex +4, Str/Int -1)
                  | [potion of mutation]
  4435 | D:6      | Gained mutation: You are strong-willed. (Will+) [potion of
                  | mutation]
  4435 | D:6      | Gained mutation: You are weak. (Str -2) [potion of
                  | mutation]
  4435 | D:6      | Gained mutation: You are highly strong-willed. (Will++)
                  | [potion of mutation]
  4481 | D:6      | Lost mutation: You are highly strong-willed. (Will++)
                  | [potion of mutation]
  4481 | D:6      | Lost mutation: You are weak. (Str -2) [potion of mutation]
  4481 | D:6      | Gained mutation: You expend magic power (3 MP) to
                  | strengthen your wands. [potion of mutation]
  4481 | D:6      | Gained mutation: Your flesh is heat resistant. (rF+)
                  | [potion of mutation]
  4481 | D:6      | Gained mutation: You are robust. (+10% HP) [potion of
                  | mutation]
  4493 | D:6      | Reached * piety under Okawaru
  4495 | D:6      | Reached skill level 8 in Axes
  4812 | D:6      | Reached XP level 8. HP: 75/75 MP: 0/7
  4926 | D:6      | Reached skill level 9 in Axes
  5088 | D:6      | Found a stormy altar of Qazlal.
  5094 | D:6      | Found a shadowy altar of Dithmenos.
  5094 | D:6      | Found a bloodstained altar of Trog.
  5096 | D:6      | Found a basalt altar of Yredelemnul.
  5240 | D:7      | Reached ** piety under Okawaru
  5254 | D:7      | Reached skill level 10 in Axes
  5270 | D:7      | Reached skill level 5 in Shields
  5270 | D:7      | Reached XP level 9. HP: 30/82 MP: 8/8
  5555 | D:7      | Found a shimmering altar of Xom.
  5651 | D:7      | Reached *** piety under Okawaru
  6026 | D:8      | Reached skill level 11 in Axes
  6811 | D:8      | Found a staircase to the Lair.
  7044 | D:8      | Received a gift from Okawaru
  7068 | D:8      | Reached skill level 12 in Axes
  7079 | D:8      | Reached **** piety under Okawaru
  7149 | D:9      | Reached skill level 5 in Throwing
  7287 | D:9      | Noticed a troll
  7302 | D:9      | Killed a troll
  7303 | D:9      | Reached XP level 10. HP: 70/94 MP: 9/9
  7694 | D:10     | Entered Level 10 of the Dungeon
  7794 | D:10     | Noticed Psyche
  7809 | D:10     | Killed Psyche
  7810 | D:10     | Reached skill level 13 in Axes
  7984 | D:10     | Found a radiant altar of Vehumet.
  8081 | D:10     | Received a gift from Okawaru
  8250 | D:10     | Reached ***** piety under Okawaru
  8708 | D:11     | Found a staircase to the Orcish Mines.
  8929 | D:11     | You are sucked into a shaft and drop 3 floors!
  9081 | D:14     | Noticed a cyclops
  9090 | D:14     | Noticed a five-headed hydra
  9100 | D:14     | Killed a cyclops
  9108 | D:14     | Killed a five-headed hydra
  9109 | D:14     | Reached skill level 14 in Axes
  9109 | D:14     | Reached XP level 11. HP: 47/103 MP: 2/10
  9214 | D:14     | Noticed a white ugly thing
  9216 | D:14     | Noticed a white ugly thing
  9217 | D:14     | Noticed a white ugly thing
  9219 | D:14     | Noticed a white ugly thing
  9219 | D:14     | Noticed a white ugly thing
  9222 | D:14     | Killed a white ugly thing
  9232 | D:14     | Killed a red ugly thing
  9232 | D:14     | Received a gift from Okawaru
  9233 | D:14     | Killed a white ugly thing
  9233 | D:14     | Received a gift from Okawaru
  9239 | D:14     | Killed a white ugly thing
  9241 | D:14     | Killed a white ugly thing
  9336 | D:14     | Noticed a skeletal warrior
  9344 | D:13     | Noticed a centaur warrior
  9676 | Lair:1   | Entered Level 1 of the Lair of Beasts
  9676 | Lair:1   | Noticed an oklob plant
  9685 | Lair:1   | Killed an oklob plant
  9685 | Lair:1   | Received a gift from Okawaru
  9735 | Lair:1   | You are sucked into a shaft and drop 1 floor!
  9736 | Lair:2   | Found a glowing silver altar of Zin.
  9743 | Lair:2   | Noticed Fannar
  9752 | Lair:2   | Killed Fannar
  9753 | Lair:2   | Reached skill level 15 in Axes
  9852 | Lair:2   | Found a staircase to the Swamp.
  9860 | Lair:2   | Paralysed by a hornet for 2 turns
  9917 | Lair:2   | Noticed Harold
  9931 | Lair:2   | Killed Harold
  9935 | Lair:2   | Reached skill level 10 in Armour
 10045 | Lair:1   | Reached ****** piety under Okawaru
 10080 | Lair:1   | Received a gift from Okawaru
 10419 | Lair:1   | Received a gift from Okawaru
 10420 | Lair:1   | Reached XP level 12. HP: 107/114 MP: 11/11
 10475 | Lair:1   | Noticed a fire dragon
 10493 | Lair:1   | Killed a fire dragon
 10531 | Lair:1   | Identified the +3 long sword "Vufoiw" {protect, *Corrode
                  | rF+ Int+4 SInv}
 10609 | Lair:1   | Reached skill level 16 in Axes
 11169 | Lair:2   | Received a gift from Okawaru
 11185 | Lair:2   | Identified the +0 hat of Inquiry {Drain rF++ rN+++}
                  | (Okawaru gifted it to you on level 2 of the Lair of Beasts)
 11185 | Lair:2   | Received a gift from Okawaru
 11239 | Lair:2   | Found a staircase to the Snake Pit.
 12005 | Lair:3   | Reached skill level 10 in Fighting
 12261 | Lair:3   | Noticed an eight-headed hydra
 12297 | Lair:3   | Slain by an 11-headed hydra

Illustrated notes

Levels and vault maps discovered:
D:1:      dpeg_arrival_three_same_balls, layout_basic,
          nicolae_shop_unique_rings, minmay_pentomino_p4
D:2:      layout_basic, serial_glass, glass_columns_b, glass_columns_a,
          kennysheep_nub
D:3:      layout_basic, fedhas_ov_isle_minmay,
          worldfamousw_hep_ancestral_shrine, ebering_ecumenical_altar_hall,
          st_stairs_10, minmay_increasing_density, uniq_terence
D:4:      layout_loops_cross, serial_shops, kennysheep_mini
D:5:      layout_cave_pools, temple_pool_b, gup_sewer_entry_bubbles
D:6:      layout_rooms, mainiacjoe_overflow_alcove_3
D:7:      layout_basic, overflow_temple_1_default, minmay_ruffians
D:8:      layout_loops_ring, dpeg_oklobed_lair
D:9:      nicolae_whirlpool, layout_cave_pools
D:10:     layout_roguey, nicolae_vehumet_altar_sigil, uniq_psyche
D:11:     layout_gridville, orc_0_dummy, serial_glass, glass_columns_c,
          glass_columns_a, glass_columns_b, glass_columns_b, glass_columns_a,
          glass_columns_c, glass_columns_b, glass_columns_c, glass_columns_b,
          glass_columns_a, glass_columns_b, glass_columns_a, glass_columns_b,
          glass_columns_c
D:12:     layout_loops_ring, uniq_azrael
D:13:     layout_irregular_city, david_vaults_4, gammafunk_ghost_arena
D:14:     layout_gridville, chequers_mini_garden
Temple:   dpeg_chambers_temple
Lair:1:   dragon1_lemuel, layout_hall_layers, portal_ice_cave_entry_pillars_2,
          serial_bayou_ford_a, dpeg_stationary_puzzle, grunt_megastairs_3,
          serial_bayou_shore_b
Lair:2:   layout_concentric_octagons, swamp_mist_pool, dummy_snake_entry,
          basic_altar, minivault_19, grunt_megastairs_5, uniq_fannar,
          uniq_harold
Lair:3:   layout_concentric_octagons, grunt_megastairs_1

Skill      XL: |  1  2  3  4  5  6  7  8  9 10 11 12 |
---------------+-------------------------------------+-----
Armour         | 4 5 6 8 9 10 11 | 11.1
Fighting       | 4 5 6 7 8 9 10 | 10.1
Axes           | 3 4 5 6 8 10 12 14 15 16 | 16.9
Shields        | 4 5 6 7 |  7.6
Throwing       | 1 2 3 5 7 8 9 |  9.5

Action                   |  1- 3 |  4- 6 |  7- 9 | 10-12 || total
-------------------------+-------+-------+-------+-------++-------
Melee: War axe           |    72 |   127 |   219 |   381 ||   799
       Headbutt          |     8 |    17 |    35 |   107 ||   167
Throw: Stone             |    14 |    23 |    25 |    78 ||   140
       Boomerang         |       |    37 |    40 |    20 ||    97
       Dart              |       |       |    19 |    87 ||   106
       Javelin           |       |       |     4 |    34 ||    38
       Throwing net      |       |       |       |     2 ||     2
Evoke: Wand              |       |       |    16 |    15 ||    31
  Use: Scroll            |     2 |       |    17 |     2 ||    21
       Potion            |       |       |     3 |     1 ||     4
Armor: Scale mail        |    43 |    45 |     9 |       ||    97
       Chain mail        |       |       |    33 |       ||    33
       Plate armour      |       |       |    70 |   230 ||   300
Dodge: Dodged            |    45 |    44 |    88 |    83 ||   260
Block: Buckler           |    16 |    24 |    57 |    88 ||   185

Table legend: (Time is in decaauts)
 A = Elapsed time spent in this place.
 B = Non-inter-level travel time spent in this place.
 C = Inter-level travel time spent in this place.
 D = Time resting spent in this place.
 E = Time spent auto-exploring this place.
 F = Levels seen in this place.
 G = Mean time per level.
                   A        B        C        D        E       F      G
               +--------+--------+--------+--------+--------+-----+--------+
         Total |  12274 |  11643 |    631 |    120 |   9512 |  19 |  646.0 |
       Dungeon |   9218 |   8723 |    495 |    120 |   7121 |  14 |  658.4 |
        Temple |    227 |    200 |     27 |      0 |    186 |   1 |  227.0 |
          Lair |   2534 |   2426 |    108 |      0 |   2020 |   3 |  844.7 |
         Sewer |    293 |    293 |      0 |      0 |    185 |   1 |  293.0 |
               +--------+--------+--------+--------+--------+-----+--------+

Top non-repeatable levels by time:
     D:8: 1167 daAuts
     D:3: 1029 daAuts
  Lair:1: 1014 daAuts
  Lair:2: 927 daAuts
     D:7: 873 daAuts
     D:4: 795 daAuts
     D:1: 757 daAuts
    D:10: 755 daAuts
     D:5: 732 daAuts
     D:6: 713 daAuts
     D:2: 672 daAuts
     D:9: 630 daAuts
    D:11: 593 daAuts
  Lair:3: 592 daAuts
    D:14: 406 daAuts
